[Event "*** Titled Tuesday Blitz"]
[Site "Chess.com"]
[Date "2020.12.01"]
[Round "8"]
[White "Borsuk_Konstantin"]
[Black "HackingKid98"]
[Result "0-1"]
[WhiteElo "2537"]
[BlackElo "2374"]
[TimeControl "180+1"]
[EndTime "11:23:20 PST"]
[Termination "HackingKid98 won by resignation"]

1. d4 Nf6 2. c4 e6 3. Nc3 d5 4.
cxd5 exd5 5. Bg5 c6 6. e3 Bd6 7. Bd3 Nbd7 8. Qc2 Nf8 9. Nge2 Ng6 10. h3 h6 11. Bxf6 Qxf6 12. e4 dxe4 13. Nxe4 Bb4+ 14. N2c3 Qxd4 15. O-O-O O-O 16. Kb1 Be6 17. a3 Be7 18.
Ng3 Qf4 19. Bxg6 fxg6 20. Qxg6 Rf6 21. Nh5 Bf5+ 0-1

[Event "*** Titled Tuesday Blitz"]
[Site "Chess.com"]
[Date "2020.12.01"]
[Round "8"]
[White "MasterKroket"]
[Black "elohunter1999"]
[Result "0-1"]
[WhiteElo "2396"]
[BlackElo "2573"]
[TimeControl "180+1"]
[EndTime "11:23:25 PST"]
[Termination "elohunter1999 won by resignation"]

1. d4 Nf6 2. c4 Nc6 3. Nf3 e6 4. a3 d5 5. Nc3 Bd6 6. Bg5 Be7 7.
e3 O-O 8. Rc1 Ne4 9. Bxe7 Qxe7 10.
cxd5 Nxc3 11. Rxc3 exd5 12. Qc2 Bg4 13. Bb5 Bxf3 14.
gxf3 Nxd4 15. Qd3 Nxf3+ 16. Ke2 Ne5 17. Qd4 c6 18. Ba4 Rfe8 19. Bc2 g6 20. h4 h5 21.
Rg1 Qf6 22. Rg3 Re6 23. a4 Ng4 24. Rf3 Qxd4 0-1

[Event "*** Titled Tuesday Blitz"]
[Site "Chess.com"]
[Date "2020.12.01"]
[Round "8"]
[White "Marianov_Podstavnikov"]
[Black "Chessalary"]
[Result "1-0"]
[WhiteElo "2271"]
[BlackElo "2385"]
[TimeControl "180+1"]
[EndTime "11:23:38 PST"]
[Termination "Marianov_Podstavnikov won by resignation"]

1. e4 c5 2. Nf3 d6 3. d4 cxd4 4.
Qxd4 a6 5. c4 Nc6 6. Qe3 Bg4 7.
Be2 Nf6 8. O-O e6 9. Rd1 Be7 10. e5 Bxf3 11. exf6 Bxf6 12. Bxf3 O-O 13. Nc3 Qc7 14. Bd2 Ne5 15. b3 Rad8 16. Rac1 Nc6 17.
Bxc6 Qxc6 18. Ne4 Be5 19. Bc3 Bxc3 20. Rxc3 d5 21. cxd5 Rxd5 22. Rxd5 Qxd5 23. h4 Rd8 24. Rc5 Qd1+ 25. Kh2 Qg4 26. Qg5 Qxg5 27. hxg5 Kf8 28. Rc7 Rd4 29. f3 b6 30. Rb7 1-0

[Event "*** Titled Tuesday Blitz"]
[Site "Chess.com"]
[Date "2020.12.01"]
[Round "8"]
[White "zurzan"]
[Black "Sueetin"]
[Result "0-1"]
[WhiteElo "2071"]
[BlackElo "2247"]
[TimeControl "180+1"]
[EndTime "11:23:38 PST"]
[Termination "Sueetin won by checkmate"]

1. f4 d5 2. Nf3 g6 3. g3 Bg7 4. Bg2 Nh6 5. O-O O-O 6. d3 c5 7. c3 Nc6 8. Qc2 d4 9. h3 Nf5 10. Kh2 e5 11. g4 Nh4 12. e4 dxe3 13.
Bxe3 Nxg2 14. Kxg2 exf4 15. Bxf4 h5 16. gxh5 Bf5 17.
Rd1 Qd7 18. Ng1 Ne5 19. Bxe5 Bxe5 20. Na3 Qd5+ 21. Nf3 Bxh3+ 22. Kxh3 Qxf3+ 23. Kh4 Bf6# 0-1

[Event "*** Titled Tuesday Blitz"]
[Site "Chess.com"]
[Date "2020.12.01"]
[Round "8"]
[White "HouseOfDurin"]
[Black "akanga001"]
[Result "1-0"]
[WhiteElo "2084"]
[BlackElo "1924"]
[TimeControl "180+1"]
[EndTime "11:23:38 PST"]
[Termination "HouseOfDurin won by resignation"]

1. d4 Nf6 2. Bg5 b6 3. Bxf6 gxf6 4. c4 Bb7 5. Nc3 Bg7 6. e3 f5 7. Qh5 e6 8. Nf3 d6 9. g3 Nd7 10. Bg2 Nf6 11. Qh4 Ne4 12. Nxe4 Qxh4 13. Nxd6+ cxd6 14.
Nxh4 Bxg2 15. Nxg2 Kd7 16. Kd2 h5 17. h4 Rac8 18. Kd3 d5 19. cxd5 exd5 20. Nf4 Kd6 21. Rac1 Bf6 22. Rxc8 Rxc8 23. Nxh5 Be7 24. Ng7 f4 25.
Nf5+ Ke6 26. Nxe7 Kxe7 27. gxf4 1-0

[Event "*** Titled Tuesday Blitz"]
[Site "Chess.com"]
[Date "2020.12.01"]
[Round "8"]
[White "AcsinteMatei"]
[Black "ural58"]
[Result "1-0"]
[WhiteElo "2340"]
[BlackElo "2427"]
[TimeControl "180+1"]
[EndTime "11:23:48 PST"]
[Termination "AcsinteMatei won by resignation"]

1. e4 d5 2. exd5 Qxd5 3. Nc3 Qa5 4. Nf3 Nf6 5. d4 Nc6 6. Bc4 Bg4 7. O-O O-O-O 8.
Be3 e5 9. d5 e4 10. Qe1 exf3 11.
dxc6 fxg2 12. cxb7+ Kxb7 13. Kxg2 Bc5 14. Ne4 Qxe1 15.
Nxc5+ Kc6 16. Rfxe1 Rhe8 17. Nb3 Re5 18. Bf4 Rh5 19.
Re5 Bh3+ 20. Kg3 Bf5 21. Na5+ 1-0

[Event "*** Titled Tuesday Blitz"]
[Site "Chess.com"]
[Date "2020.12.01"]
[Round "8"]
[White "diamonds13"]
[Black "szachuspl"]
[Result "0-1"]
[WhiteElo "2331"]
[BlackElo "2481"]
[TimeControl "180+1"]
[EndTime "11:23:49 PST"]
[Termination "szachuspl won by resignation"]

1. d4 Nf6 2. c4 g6 3. Nc3 Bg7 4. e4 d6 5. Bd3 O-O 6. Nge2 e5 7. d5 Nbd7 8. h3 Nc5 9. Bc2 a5 10.
Be3 c6 11. Qd2 cxd5 12. exd5 Nfd7 13. g4 f5 14. gxf5 gxf5 15. Bg5 Nf6 16. Rg1 Kh8 17. O-O-O Bd7 18. Ng3 e4 19. Nh5 Rf7 20. Nxg7 Rxg7 21. Qd4 Rf7 22. Rg2 Qe7 23. Rdg1 Raf8 24. Bh6 Re8 25.
Bd1 Nd3+ 26. Kb1 Ne5 27. Ne2 Nf3 28. Qc3 Nxg1 29. Rxg1 Qe5 30. Qd2 e3 31. fxe3 Ne4 32. Qd4 Qxd4 33. Nxd4 Rg8 34. Rf1 Nd2+ 0-1

[Event "*** Titled Tuesday Blitz"]
[Site "Chess.com"]
[Date "2020.12.01"]
[Round "8"]
[White "dopolian"]
[Black "c_r_e_e_p_e_r"]
[Result "1-0"]
[WhiteElo "2430"]
[BlackElo "2301"]
[TimeControl "180+1"]
[EndTime "11:24:03 PST"]
[Termination "dopolian won by checkmate"]

1. Nf3 d6 2. d4 g6 3. e4 Bg7 4.
c3 Nd7 5. Be2 e5 6. Be3 Ne7 7. O-O O-O 8. Nbd2 h6 9. Qc2 f5 10. exf5 gxf5 11. dxe5 dxe5 12. Nh4 f4 13. Bc4+ Kh8 14. Ne4 fxe3 15. fxe3 Nb6 16. Rxf8+ Qxf8 17. Rf1 Qe8 18. Bf7 Qc6 19. Rf3 Be6 20. Ng5 hxg5 21. Ng6+ Nxg6 22. Qxg6 g4 23. Qh5+ Bh6 24. Qxh6# 1-0

[Event "*** Titled Tuesday Blitz"]
[Site "Chess.com"]
[Date "2020.12.01"]
[Round "8"]
[White "chess94cu"]
[Black "mapleaff"]
[Result "0-1"]
[WhiteElo "2543"]
[BlackElo "2416"]
[TimeControl "180+1"]
[EndTime "11:24:09 PST"]
[Termination "mapleaff won by resignation"]

1. d4 Nf6 2. Nf3 g6 3. c4 Bg7 4. g3 c6 5. Nc3 d5 6. cxd5 cxd5 7.
Bg2 O-O 8. Ne5 Nc6 9. O-O Bf5 10. Nxc6 bxc6 11. b3 c5 12. dxc5 Ne4 13. Nxe4 Bxa1 14. Bh6 Bg7 15. Bxg7 Kxg7 16. Qd4+ e5 17. Qxe5+ f6 18. Nxf6 Qxf6 19. Qxd5 Rad8 20. Qb7+ Rf7 21. Qb4 Qd4 22. Qxd4+ Rxd4 23. e3 Rd2 24. a4 Bd3 25.
Rc1 Rfxf2 26. Bb7 Rc2 27. Rxc2 Rxc2 28. b4 a5 29. bxa5 Rxc5 30. a6 Ra5 31. Kf2 Bxa6 32. Bc6 Bc4 33. e4 Bb3 0-1

[Event "*** Titled Tuesday Blitz"]
[Site "Chess.com"]
[Date "2020.12.01"]
[Round "8"]
[White "DrVelja"]
[Black "GigaQuparadze"]
[Result "0-1"]
[WhiteElo "2801"]
[BlackElo "2921"]
[TimeControl "180+1"]
[EndTime "11:24:14 PST"]
[Termination "GigaQuparadze won by resignation"]

1. e4 c5 2. Nf3 e6 3. d4 cxd4 4. Nxd4 a6 5. c4 Nf6 6. Nc3 Bb4 7. Qd3 O-O 8. e5 Ne8 9. Bf4 d6 10. exd6 Nxd6 11. O-O-O Qf6 12. Bxd6 Bxd6 13. Ne4 Qh6+ 14.
Kb1 Be7 15. Qg3 Nd7 16. Bd3 Nc5 17. Nxc5 Bxc5 18. Nf3 b5 19. Ng5 f5 20. h4 Qf6 21.
Rhe1 h6 22. Nh3 f4 23. Qf3 Rb8 24. Qe4 bxc4 25. Qh7+ Kf7 0-1

[Event "*** Titled Tuesday Blitz"]
[Site "Chess.com"]
[Date "2020.12.01"]
[Round "8"]
[White "Beltraxtor"]
[Black "Zkid"]
[Result "0-1"]
[WhiteElo "2572"]
[BlackElo "2785"]
[TimeControl "180+1"]
[EndTime "11:24:14 PST"]
[Termination "Zkid won by resignation"]

1. e4 c5 2. Nf3 Nc6 3. Bb5 g6 4. Bxc6 bxc6 5. O-O Bg7 6. Re1 Qc7 7. e5 Nh6 8. d3 O-O 9. Nc3 d5 10. h3 Nf5 11.
Bf4 Nd4 12. Nh2 f6 13. exf6 Qxf4 14. fxg7 Qxf2+ 15. Kh1 Rf7 16. Rf1 Qxc2 17. Qxc2 Nxc2 18.
Rxf7 Kxf7 19. Rc1 Nb4 20. Rd1 Bf5 21. d4 Nd3 22. Kg1 cxd4 23. Ne2 c5 24. g4 Be4 0-1

[Event "*** Titled Tuesday Blitz"]
[Site "Chess.com"]
[Date "2020.12.01"]
[Round "8"]
[White "WPWPWP-2015"]
[Black "YIYUKI"]
[Result "1-0"]
[WhiteElo "2484"]
[BlackElo "2338"]
[TimeControl "180+1"]
[EndTime "11:24:17 PST"]
[Termination "WPWPWP-2015 won by resignation"]

1. e4 e5 2. Nf3 Nc6 3. d4 exd4 4. Nxd4 Bc5 5. Nb3 Bb6 6. Nc3 Nf6 7. Bg5 h6 8. Bh4 O-O 9. Bd3 Re8 10. O-O d6 11.
Nd5 g5 12. Nxf6+ Qxf6 13. Bg3 Qxb2 14. a4 a5 15. Nd2 Qf6 16. Nc4 Bd4 17. Rb1 b6 18. Ne3 Bxe3 19. fxe3 Qe7 20. Qh5 Kg7 21. h4 Ne5 22. Bb5 Bg4 23. Bxe5+ dxe5 24. Qxg4 1-0

[Event "*** Titled Tuesday Blitz"]
[Site "Chess.com"]
[Date "2020.12.01"]
[Round "8"]
[White "enriquebutti"]
[Black "Massakru"]
[Result "0-1"]
[WhiteElo "2079"]
[BlackElo "2324"]
[TimeControl "180+1"]
[EndTime "11:24:21 PST"]
[Termination "Massakru won by checkmate"]

1. d4 d5 2. c4 c6 3. Nf3 Nf6 4.
e3 e6 5. Bd3 dxc4 6. Bxc4 b5 7.
Bd3 Bb7 8. O-O a6 9. a4 Nbd7 10. b3 Bd6 11. Bb2 O-O 12. e4 Be7 13. Nbd2 Qc7 14.
Rc1 Qb6 15. e5 Nd5 16. Qe2 Nf4 17. Qe4 Nxd3 18. Qxd3 c5 19. axb5 axb5 20. Ne4 c4 21. Qe2 Bxe4 22. Qxe4 cxb3 23. d5 exd5 24. Qxd5 Qe6 25.
Qxb5 Rab8 26. Qe2 Nc5 27. Nd4 Qg6 28. f4 Qd3 29. Qg4 Rfd8 30. Nf5 Bf8 31. Rxc5 Bxc5+ 32. Kh1 Qxf1# 0-1

[Event "*** Titled Tuesday Blitz"]
[Site "Chess.com"]
[Date "2020.12.01"]
[Round "8"]
[White "A-S-00"]
[Black "nikitadovbnya2008"]
[Result "0-1"]
[WhiteElo "2292"]
[BlackElo "2194"]
[TimeControl "180+1"]
[EndTime "11:24:33 PST"]
[Termination "nikitadovbnya2008 won by checkmate"]

1. d4 Nf6 2. c4 e6 3. Nf3 b6 4. Nc3 Bb7 5. Bg5 Be7 6. e3 O-O 7. Bd3 c5 8. O-O d6 9. Rc1 Nbd7 10. Bb1 Re8 11. e4 cxd4 12. Nxd4 a6 13. Re1 Rc8 14. b3 Qc7 15. f3 Qb8 16. Be3 Qa8 17. Kh1 Bd8 18.
Nde2 Bc7 19. Ng3 h5 20. Qd2 h4 21. Nf1 h3 22. g3 Ne5 23. Qf2 d5 24. cxd5 exd5 25.
exd5 Nxd5 26. Nxd5 Bxd5 27. Nd2 Nxf3 28. Nxf3 Bxf3+ 29. Kg1 b5 30. Bd4 Ba5 31. Rxe8+ Rxe8 32. Rf1 Bh5 33.
Qf5 Qg2# 0-1

[Event "*** Titled Tuesday Blitz"]
[Site "Chess.com"]
[Date "2020.12.01"]
[Round "8"]
[White "skoularikii"]
[Black "lelya96"]
[Result "1-0"]
[WhiteElo "2441"]
[BlackElo "2214"]
[TimeControl "180+1"]
[EndTime "11:24:40 PST"]
[Termination "skoularikii won by resignation"]

1. d4 d5 2. Nf3 Nf6 3. c4 c6 4.
Nc3 dxc4 5. a4 Bf5 6. e3 e6 7. Bxc4 Bb4 8. O-O O-O 9. Nh4 Bg6 10. g3 Nbd7 11. Qb3 Qe7 12. a5 b5 13. Be2 a6 14.
Bf3 Rac8 15. e4 Bxc3 16. Nxg6 hxg6 17. bxc3 e5 18. Ba3 c5 19. dxc5 Rc6 20. c4 bxc4 21. Qxc4 Rfc8 22. Bd1 g5 23. Ba4 Rxc5 24. Qxa6 Nxe4 25.
Qxc8+ Rxc8 26. Bxe7 1-0

[Event "*** Titled Tuesday Blitz"]
[Site "Chess.com"]
[Date "2020.12.01"]
[Round "8"]
[White "toog"]
[Black "Khnykin_Nikolay"]
[Result "1-0"]
[WhiteElo "2336"]
[BlackElo "2022"]
[TimeControl "180+1"]
[EndTime "11:24:44 PST"]
[Termination "toog won by resignation"]

1. e4 e6 2. d4 d5 3. Nd2 c5 4. exd5 exd5 5. Ngf3 Nf6 6. Bb5+ Nc6 7. O-O Be7 8. dxc5 Bxc5 9. Re1+ Be6 10. Nb3 Bb6 11.
Nbd4 O-O 12. Bxc6 bxc6 13. Nxc6 Qd6 14. Nce5 Rad8 15. c3 Ne4 16. Be3 Bxe3 17. Rxe3 f6 18. Nd3 Bg4 19. h3 Bh5 20. Qa4 Rfe8 21. Nd4 a6 22. Rae1 Bg6 23. f3 Nc5 24. Rxe8+ Bxe8 25. Rxe8+ Kf7 26. Rxd8 Qxd8 27. Nxc5 Qd6 28. Qd7+ Qxd7 29.
Nxd7 Ke7 30. Nb6 1-0

[Event "*** Titled Tuesday Blitz"]
[Site "Chess.com"]
[Date "2020.12.01"]
[Round "8"]
[White "Gerasimenyuk_Miha"]
[Black "Aborigen_came"]
[Result "1-0"]
[WhiteElo "2435"]
[BlackElo "2717"]
[TimeControl "180+1"]
[EndTime "11:24:49 PST"]
[Termination "Gerasimenyuk_Miha won by resignation"]

1. d4 e6 2. Nf3 Nf6 3. Bg5 h6 4. Bf4 b6 5. e3 Bb7 6. Bd3 Nh5 7. Be5 d6 8. Bg3 Nxg3 9. fxg3 Nd7 10. Nbd2 g6 11. O-O Bg7 12. c3 Qe7 13. e4 a6 14. Qe2 c5 15. e5 d5 16. h4 b5 17. a4 c4 18. Bc2 b4 19. Rae1 a5 20. Rf2 b3 21. Bb1 Bc6 22. h5 g5 23. Nh2 Bxa4 24.
Ref1 Rf8 25. Rxf7 Rxf7 26. Bg6 Nf8 27. Rxf7 Qxf7 28. Bxf7+ Kxf7 29. Nxc4 Ke7 30. Nb6 1-0

[Event "*** Titled Tuesday Blitz"]
[Site "Chess.com"]
[Date "2020.12.01"]
[Round "8"]
[White "nocnypako"]
[Black "karinachess1"]
[Result "0-1"]
[WhiteElo "2580"]
[BlackElo "2504"]
[TimeControl "180+1"]
[EndTime "11:24:54 PST"]
[Termination "karinachess1 won by resignation"]

1. d4 d5 2. c4 e6 3. Nc3 Nf6 4. cxd5 exd5 5. Bg5 c6 6. e3 Be7 7. Bd3 Nbd7 8. Nf3 h6 9. Bh4 Nh5 10. Bxe7 Qxe7 11. Qe2 Nhf6 12. O-O-O Nb6 13. Kb1 Be6 14. Rc1 O-O-O 15. Qc2 Kb8 16. Na4 Nxa4 17. Qxa4 Rc8 18. Rc3 c5 19. Qa3 Ne4 20. Bxe4 dxe4 21. Nd2 Qg5 22.
Rxc5 Rxc5 23. Qxc5 Qxg2 24. Rc1 Qxf2 25. Nxe4 Qf5 26.
Qc2 Rc8 27. Qd3 Bxa2+ 0-1

[Event "*** Titled Tuesday Blitz"]
[Site "Chess.com"]
[Date "2020.12.01"]
[Round "8"]
[White "MartinMatthiesen"]
[Black "gilbert_gm"]
[Result "1-0"]
[WhiteElo "2417"]
[BlackElo "2545"]
[TimeControl "180+1"]
[EndTime "11:24:55 PST"]
[Termination "MartinMatthiesen won by resignation"]

1. d4 Nf6 2. c4 g6 3. Nc3 Bg7 4. e4 d6 5. Nf3 O-O 6. Be2 e5 7. Be3 Nc6 8. d5 Ne7 9. Nd2 Nd7 10. f3 f5 11. b4 a5 12. a3 Nf6 13. Rc1 axb4 14. axb4 f4 15. Bf2 g5 16. c5 h5 17.
Nc4 g4 18. cxd6 cxd6 19. Bb6 Qd7 20. Ba5 Rxa5 21. bxa5 h4 22. Nb6 Qd8 23. fxg4 h3 24. gxh3 Ng6 25. O-O Nh7 26. Nb5 Bd7 27. Nxd7 Qxd7 28.
Rc7 Qd8 29. g5 Nxg5 30. Bg4 Nxe4 31. Be6+ Rf7 32. Bxf7+ 1-0

[Event "*** Titled Tuesday Blitz"]
[Site "Chess.com"]
[Date "2020.12.01"]
[Round "8"]
[White "pavelalexandru07"]
[Black "Neftegor"]
[Result "0-1"]
[WhiteElo "2346"]
[BlackElo "2510"]
[TimeControl "180+1"]
[EndTime "11:24:55 PST"]
[Termination "Neftegor won by resignation"]

1. e4 e5 2. Nf3 Nc6 3. Bb5 a6 4. Ba4 Nf6 5. O-O Be7 6. Re1 b5 7. Bb3 d6 8. c3 O-O 9. h3 Nb8 10. d4 Nbd7 11. Nbd2 Bb7 12. Bc2 Re8 13. Nf1 Bf8 14. Ng3 g6 15. a4 c6 16. b3 Qc7 17. Bb2 Bg7 18. Bd3 Nb6 19. Qd2 bxa4 20. bxa4 a5 21. c4 exd4 22. Nxd4 Nbd7 23. Bc3 Nc5 24.
Bc2 Nfd7 25. Rab1 Bc8 26. f3 Ne5 27. Qe2 Ba6 28. Nf1 Bxc4 29. Qd1 Ned3 30. Re3 Nb4 31.
Bxb4 axb4 32. Rxb4 d5 33. exd5 cxd5 34. Rxe8+ Rxe8 35. Nb5 Qa5 36. Rb1 Ne6 37. Ne3 Qb6 0-1

[Event "*** Titled Tuesday Blitz"]
[Site "Chess.com"]
[Date "2020.12.01"]
[Round "8"]
[White "ikhasu"]
[Black "IngOscarArdila"]
[Result "1-0"]
[WhiteElo "2431"]
[BlackElo "2206"]
[TimeControl "180+1"]
[EndTime "11:24:57 PST"]
[Termination "ikhasu won by resignation"]

1. e4 c5 2. Nf3 d6 3. d4 cxd4 4.
Qxd4 Nc6 5. Qe3 Nf6 6. h3 e5 7. Bc4 Be7 8. O-O O-O 9. Rd1 Na5 10. Be2 Be6 11. Nxe5 Qc7 12. Nf3 Rac8 13. Nc3 Nc4 14. Bxc4 Qxc4 15. Nd4 Nd7 16. Ndb5 d5 17. exd5 Bc5 18.
Qg5 h6 19. Qg3 Bf5 20. Bxh6 Bg6 21. Bf4 Bxc2 22. Rdc1 Bg6 23. Bd6 Bb6 24. Bxf8 Nxf8 25. Nd6 Qc7 26. Ne2 1-0

[Event "*** Titled Tuesday Blitz"]
[Site "Chess.com"]
[Date "2020.12.01"]
[Round "8"]
[White "dpopadic"]
[Black "PotapovaM"]
[Result "1/2-1/2"]
[WhiteElo "2408"]
[BlackElo "2580"]
[TimeControl "180+1"]
[EndTime "11:24:58 PST"]
[Termination "Game drawn by repetition"]

1. e4 c5 2. Nc3 Nc6 3. f4 g6 4. Nf3 Bg7 5. Bc4 e6 6. f5 Nge7 7. fxe6 dxe6 8. d3 Nd4 9. Nxd4 cxd4 10. Ne2 Nc6 11. O-O O-O 12. Bd2 Ne5 13. Bb3 Ng4 14. h3 Ne3 15. Bxe3 dxe3 16. Nc3 Qc7 17. Kh1 Bxc3 18. bxc3 Qxc3 19. Qf3 a5 20. a4 Qd4 21.
Rae1 Bd7 22. Rxe3 Bxa4 23. c3 Qd7 24. Ba2 Bc6 25. Qf4 b5 26. h4 b4 27. cxb4 axb4 28.
Bb1 Ra5 29. Rh3 h5 30. Rg3 Qe7 31. e5 Kg7 32. d4 Ra3 33. Rg5 Rc3 34. Kh2 b3 35.
Qd2 Qb4 36. Qf4 Qe7 37. Qd2 Qb4 38. Qf4 Qe7 1/2-1/2

[Event "*** Titled Tuesday Blitz"]
[Site "Chess.com"]
[Date "2020.12.01"]
[Round "8"]
[White "zala02"]
[Black "Chernov_Mikhail"]
[Result "0-1"]
[WhiteElo "2164"]
[BlackElo "2300"]
[TimeControl "180+1"]
[EndTime "11:24:59 PST"]
[Termination "Chernov_Mikhail won by resignation"]

1. d4 d5 2. c4 Nc6 3. e3 Nf6 4. Nc3 dxc4 5. Bxc4 e5 6. Nf3 Bb4 7. O-O e4 8. Nd2 Bf5 9. a3 Bd6 10. h3 O-O 11. b4 Re8 12. Bb2 Ne7 13. Nb5 c6 14.
Nxd6 Qxd6 15. Nb3 Nfd5 16. Rc1 Ng6 17. Nc5 b6 18. Nb3 Re6 19. b5 Nh4 20. Bxd5 Rg6 21.
Bxf7+ Kxf7 22. Kh1 Rxg2 23. Qh5+ Bg6 0-1

[Event "*** Titled Tuesday Blitz"]
[Site "Chess.com"]
[Date "2020.12.01"]
[Round "8"]
[White "AliKa2810"]
[Black "SergeyShtyka"]
[Result "1-0"]
[WhiteElo "2585"]
[BlackElo "2444"]
[TimeControl "180+1"]
[EndTime "11:25:01 PST"]
[Termination "AliKa2810 won by resignation"]

1. c4 c5 2. Nc3 Nc6 3. e3 g6 4. d4 cxd4 5. exd4 d6 6. Nf3 Bg7 7. Be3 Bg4 8. Be2 Nf6 9. O-O O-O 10. d5 Nb8 11. Nd4 Bxe2 12. Qxe2 Nbd7 13. Rac1 a6 14.
Rfe1 Rc8 15. Bg5 Re8 16. b3 Qa5 17. h3 Ne5 18. f4 Ned7 19. Qe3 Qb6 20. Rcd1 Nc5 21. f5 Ncd7 22. Bh6 Ne5 23. Bxg7 1-0

[Event "*** Titled Tuesday Blitz"]
[Site "Chess.com"]
[Date "2020.12.01"]
[Round "8"]
[White "biostatistician"]
[Black "Rainmond"]
[Result "1-0"]
[WhiteElo "2599"]
[BlackElo "2785"]
[TimeControl "180+1"]
[EndTime "11:25:06 PST"]
[Termination "biostatistician won by resignation"]

1. d4 Nf6 2. Nf3 g6 3. c4 e6 4.
Nc3 d5 5. Bg5 c6 6. e3 Nbd7 7.
Bd3 Bg7 8. O-O h6 9. Bh4 O-O 10. Qe2 Re8 11. Rad1 a6 12. e4 g5 13. Bg3 b5 14. cxd5 exd5 15. e5 Nh5 16. Rfe1 c5 17. Nxd5 cxd4 18. Qe4 Nxg3 19. hxg3 Bb7 20. Qh7+ Kf8 21. Be4 Nxe5 22. Nxd4 Qd6 23. Qxg7+ 1-0

[Event "*** Titled Tuesday Blitz"]
[Site "Chess.com"]
[Date "2020.12.01"]
[Round "8"]
[White "AlexeiShirov"]
[Black "MarcoRiehle"]
[Result "1-0"]
[WhiteElo "2854"]
[BlackElo "2676"]
[TimeControl "180+1"]
[EndTime "11:25:09 PST"]
[Termination "AlexeiShirov won by resignation"]

1. e4 e5 2. Nf3 Nf6 3. Nxe5 Nxe4 4. Qe2 Qe7 5. Qxe4 d6 6. d4 dxe5 7. dxe5 Nc6 8. Bb5 Bd7 9. Nc3 O-O-O 10. O-O a6 11. Ba4 Nxe5 12. Nd5 Qd6 13. Bb3 f5 14. Qh4 Bc6 15. Rd1 Be7 16. Nxe7+ Qxe7 17. Bg5 Rxd1+ 18.
Rxd1 Qc5 19. Be3 Qb5 20. Qe7 b6 21. c4 Nxc4 22. Qe6+ Kb7 23. Qxc4 Qe5 24. Qd4 Qe7 25. f3 Re8 26. Bf2 Qe2 27. Qd2 Qb5 28. Rc1 Re2 29.
Qc3 Re7 30. a4 1-0

[Event "*** Titled Tuesday Blitz"]
[Site "Chess.com"]
[Date "2020.12.01"]
[Round "8"]
[White "Matibar"]
[Black "Euwe1234"]
[Result "0-1"]
[WhiteElo "2737"]
[BlackElo "2582"]
[TimeControl "180+1"]
[EndTime "11:25:09 PST"]
[Termination "Euwe1234 won by resignation"]

1. a3 d5 2. d4 Nf6 3. e3 Bf5 4.
c4 e6 5. Nc3 c6 6. Bd3 Bxd3 7.
Qxd3 Nbd7 8. Nf3 Bd6 9. O-O O-O 10. Rd1 Qe7 11. b4 dxc4 12. Qxc4 e5 13. Bb2 e4 14. Nd2 Rfe8 15. Qe2 Rad8 16. Nc4 Bc7 17. a4 Nd5 18. b5 N7f6 19. Rdc1 Qd7 20. bxc6 Qxc6 21. Nb5 Qa6 22. Nxc7 Nxc7 23. Kf1 Ncd5 24. Ba3 h6 25. Nd6 Rxd6 26. Bxd6 Qxd6 27. Qb5 Qxh2 0-1

[Event "*** Titled Tuesday Blitz"]
[Site "Chess.com"]
[Date "2020.12.01"]
[Round "8"]
[White "Kildepiotr"]
[Black "RD4ever"]
[Result "1-0"]
[WhiteElo "2647"]
[BlackElo "2810"]
[TimeControl "180+1"]
[EndTime "11:25:10 PST"]
[Termination "Kildepiotr won by resignation"]

1. Nf3 Nf6 2. g3 b6 3. Bg2 Bb7 4. O-O e6 5. c4 c5 6. Nc3 Be7 7.
d3 O-O 8. e4 d6 9. Ne1 Nc6 10. Nc2 a6 11. f4 Qb8 12. g4 b5 13.
g5 Nd7 14. b3 Re8 15. Be3 Bf8 16. f5 Nde5 17. Qe2 Qc7 18. Bh3 Qa5 19. Bd2 Qb6 20. fxe6 fxe6 21. Rf2 g6 22. Raf1 Bg7 23. Nd1 Nd4 24.
Nxd4 cxd4 25. Bf4 Re7 26. Bxe5 Bxe5 27. Rf3 d5 28. exd5 exd5 29. cxb5 axb5 30. Qf2 Bg7 31. Rf7 Rae8 32. Bd7 Rxd7 33. Rxd7 Rf8 34. Rxg7+ 1-0

[Event "*** Titled Tuesday Blitz"]
[Site "Chess.com"]
[Date "2020.12.01"]
[Round "8"]
[White "Cambek64"]
[Black "JustWatch000"]
[Result "1/2-1/2"]
[WhiteElo "2293"]
[BlackElo "2435"]
[TimeControl "180+1"]
[EndTime "11:25:10 PST"]
[Termination "Game drawn by agreement"]

1. e4 c5 2. Nc3 e6 3. Nf3 Nc6 4.
Bb5 Nge7 5. O-O a6 6. Bxc6 Nxc6 7. Re1 Be7 8. d4 cxd4 9. Nxd4 O-O 10. Nxc6 dxc6 11.
Qxd8 Rxd8 12. Be3 e5 13. Rad1 Be6 14. a3 Rxd1 15. Rxd1 Rd8 16. Rxd8+ Bxd8 17. Kf1 f6 18. Ke1 Kf7 19. Kd2 Ba5 20. b4 Bc7 21. f3 b5 22. Nd1 a5 23. Nb2 a4 24. c4 g6 25.
c5 f5 26. Nd3 Bc4 27. Bf2 Ke6 28. Bg3 h5 29. h3 fxe4 30. fxe4 Bxd3 31. Kxd3 Bd8 32. Bf2 Bg5 33. Be3 Kf6 34. g3 Bxe3 35.
Kxe3 Kg5 36. Kf3 Kh6 37. h4 g5 38. Kg2 Kg6 39. Kf2 Kf6 40. Kg2 1/2-1/2

[Event "*** Titled Tuesday Blitz"]
[Site "Chess.com"]
[Date "2020.12.01"]
[Round "8"]
[White "vwnv7"]
[Black "BJthechessgod"]
[Result "1-0"]
[WhiteElo "2420"]
[BlackElo "2293"]
[TimeControl "180+1"]
[EndTime "11:25:11 PST"]
[Termination "vwnv7 won by resignation"]

1. c4 Nf6 2. Nf3 e6 3. d4 b6 4. g3 Bb7 5. Bg2 Be7 6. O-O O-O 7. Re1 d5 8. Nc3 dxc4 9. e4 c5 10. e5 Nd5 11. Ne4 cxd4 12. Nxd4 Nc6 13. Nxc6 Bxc6 14. Qh5 f5 15. exf6 Bxf6 16. Bg5 Be8 17. Qg4 Bf7 18.
Nxf6+ Nxf6 19. Bxf6 Qxf6 20. Bxa8 Rb8 21. Bg2 Qxb2 22. Qxc4 e5 23. Qc7 Re8 24. Qxa7 b5 25. Rab1 Qc3 26. Rec1 Qd3 27. Qe3 Qd7 28. Rb2 h6 29. h4 Qf5 30. Rxb5 Bxa2 31. Rc7 Qf6 32. Rbb7 g6 33. Qxh6 Bf7 34. Rxf7 Qxf7 35. Rxf7 Kxf7 36. Bd5+ 1-0

[Event "*** Titled Tuesday Blitz"]
[Site "Chess.com"]
[Date "2020.12.01"]
[Round "8"]
[White "Lupul_Cenusiu"]
[Black "Shuvalov"]
[Result "1-0"]
[WhiteElo "2585"]
[BlackElo "2444"]
[TimeControl "180+1"]
[EndTime "11:25:13 PST"]
[Termination "Lupul_Cenusiu won by resignation"]

1. d4 Nf6 2. c4 g6 3. Nc3 d5 4. cxd5 Nxd5 5. Bd2 Nb6 6. Nf3 Bg7 7. Rc1 O-O 8. h4 Nc6 9. e3 Bg4 10. Be2 Qd7 11. Ne4 Qc8 12. Qb3 Be6 13. Qa3 Bd5 14. Nc5 Nd7 15. e4 Be6 16. Nxe6 fxe6 17. Be3 Nf6 18. Ng5 h6 19. Nxe6 Nxe4 20. Nxf8 Qxf8 21. Qb3+ Kh7 22. Qxb7 Nxd4 23. Qxe4 Nxe2 24. Kxe2 h5 25. b3 Rd8 26. Rhd1 Rd6 27. Rxd6 cxd6 28. Rc7 e5 29. Qb7 Kg8 30. Rxg7+ Qxg7 31. Qxg7+ Kxg7 32. Bxa7 1-0

[Event "*** Titled Tuesday Blitz"]
[Site "Chess.com"]
[Date "2020.12.01"]
[Round "8"]
[White "KventinKarantino"]
[Black "arminmusovic"]
[Result "0-1"]
[WhiteElo "2294"]
[BlackElo "2512"]
[TimeControl "180+1"]
[EndTime "11:25:13 PST"]
[Termination "arminmusovic won by resignation"]

1. e4 c6 2. d4 d5 3. Nc3 dxe4 4. Nxe4 Nf6 5. Nxf6+ exf6 6. c3 Bd6 7. Bd3 O-O 8. Qc2 Re8+ 9. Ne2 Kh8 10. Be3 Nd7 11. h4 Nf8 12. h5 Qc7 13. O-O-O c5 14. Rdg1 Bg4 15. dxc5 Bxc5 16. Nd4 Rad8 17. h6 g6 18. Kb1 a6 19. Rh4 Bc8 20. Rf1 Re7 21. Rf4 f5 22.
Qb3 Ne6 23. Nxe6 Bxe6 24. Bc4 Bxe3 25. fxe3 Qe5 26. Qb4 Bxc4 27. Rxc4 Qxe3 28. a3 Qd3+ 29. Ka2 Qxf1 30. Qxe7 Qxc4+ 31. b3 Rd2+ 0-1